 Dungeon Crawl Stone Soup version 0.19.1 (webtiles) character file.

11460 ImaNewbie the Severer (level 12, 0/81 HPs)
             Began as a Formicid Fighter on Nov 25, 2016.
             Was a High Priest of Qazlal.
             Slain by a komodo dragon (26 damage)
             ... on level 1 of the Lair of Beasts.
             The game lasted 00:31:04 (10516 turns).

ImaNewbie the Severer (Formicid Fighter)           Turns: 10516, Time: 00:31:05

Health: 0/81       AC: 17    Str: 30    XL:     12   Next: 8%
Magic:  12/12      EV:  7    Int:  9    God:    Qazlal [*****.]
Gold:   567        SH: 16    Dex: 10    Spells: 0 memorised, 11 levels left

rFire  . . .     SeeInvis +     a - +0 battleaxe
rCold  . . .     Gourm    .     G - +2 plate armour {rN+}
rNeg   + . .     Faith    +     c - +0 shield
rPois  .         Spirit   .     (helmet unavailable)
rElec  .         Reflect  .     (no cloak)
rCorr  .         Harm     .     s - +0 pair of gloves
MR     +....                    (no boots)
Stlth  ..........               B - amulet of faith
                                C - +5 ring of strength
                                A - +2 ring of evasion

@: protected from physical damage, repel missiles
A: permanent stasis, dig shafts and tunnels, four strong arms, antennae 3
a: Dig, Shaft Self, Upheaval, Elemental Force, Disaster Area, Renounce Religion


You were on level 1 of the Lair of Beasts.
You worshipped Qazlal.
Qazlal was extremely pleased with you.
You were not hungry.

You visited 3 branches of the dungeon, and saw 12 of its levels.

You collected 567 gold pieces.

Inventory:

Hand Weapons
 a - a +0 battleaxe (weapon)
 b - a +4 blowgun
 H - the +3 whip of Duymew {flame, +Rage}
   (You found it on level 5 of the Dungeon)

   It has been specially enchanted to burn those struck by it, causing extra
   injury to most foes and up to half again as much damage against particularly
   susceptible opponents.
   It lets you go berserk.
Missiles
 x - 38 poisoned needles
 N - 6 needles of paralysis
Armour
 c - a +0 shield (worn)
 e - a +2 chain mail of magic resistance
 o - the +1 scale mail "Ymicevul" {rC+ Regen+}
   (You found it on level 4 of the Dungeon)

   It protects you from cold.
   It increases your rate of regeneration.
 s - a +0 pair of gloves (worn)
 G - a +2 plate armour of positive energy (worn)
Jewellery
 A - a +2 ring of evasion (left hand)
 B - an amulet of faith (around neck)
 C - a +5 ring of strength (right hand)
 E - a +4 amulet of reflection {unknown}
 K - an uncursed amulet of harm {unknown}
Wands
 k - a wand of polymorph (15/24)
 y - a wand of lightning (8/15)
 F - a wand of disintegration (15/24)
Scrolls
 j - a scroll of enchant armour
 l - a scroll of enchant weapon
 m - a scroll of identify
 n - a scroll of amnesia
 w - 4 scrolls of remove curse
 z - a scroll of fog
 P - 2 scrolls of fear
Potions
 d - a potion of might
 g - 5 potions of lignification
 h - 6 potions of curing
 i - a potion of brilliance
 p - a potion of haste {unknown}
 t - 2 potions of flight
 u - 3 potions of magic
 D - a potion of ambrosia
 J - a potion of resistance {unknown}
 M - a potion of cancellation {unknown}
Comestibles
 f - 7 bread rations
 q - a beef jerky
 r - 6 meat rations
 v - 3 slices of pizza
 I - 2 royal jellies
 L - a fruit


   Skills:
 - Level 3.2 Fighting
 + Level 17.1 Axes
 - Level 3.2 Armour
 - Level 3.6 Shields


You had 11 spell levels left.
You didn't know any spells.

Dungeon Overview and Level Annotations

Branches:
Dungeon (10/15)            Temple (1/1) D:4            Lair (1/6) D:9
    Orc: D:9-12

Altars:
Ashenzari
Cheibriados
Dithmenos
Elyvilon
Fedhas
Gozag
Hepliaklqana
Kikubaaqudgha
Makhleb
Nemelex Xobeh
Okawaru
Qazlal
Ru
Sif Muna
Trog
Uskayaw
Vehumet
Xom
Yredelemnul
Zin
The Shining One

Annotations:
D:7 metal wall


Innate Abilities, Weirdness & Mutations

You are under a permanent stasis effect.
You can dig through walls and to a lower floor.
Your four strong arms can wield two-handed weapons with a shield.
You have a pair of large antennae on your head. (SInv)


Message History

The blink frog is severely wounded.
You closely miss the bullfrog. You block the blink frog's attack.
You block the bullfrog's attack.
Unknown command.
You barely miss the blink frog.
The blink frog is severely wounded.
You slice the bullfrog!!
You kill the bullfrog!
Qazlal accepts your kill. The blink frog barely misses you.
The komodo dragon is engulfed in roaring flames.
The blink frog blinks!
You hit the komodo dragon but do no damage.
The komodo dragon is moderately wounded.
You block the komodo dragon's attack.
You closely miss the komodo dragon.
The komodo dragon is moderately wounded.
You hear a loud, deep croak!
The komodo dragon bites you!!
You die...

#.## { #.? .
#.##### ...
{####......
.....#.....#
......†....#
.....####..#
#.. ##l§# .
#.†@# ##..#
.§§§#
#..F..#
........
.#.####P.
... .... #.
####


You could see a komodo dragon and a blink frog.

Vanquished Creatures
  Urug (D:10)
  The ghost of newuser the Basher, a novice GrGl of Okawaru (D:8)
  Pikel (D:5)
  2 spiny frogs
  2 komodo dragons (Lair:1)
  A hornet (D:10)
  A merfolk (D:9)
  2 blink frogs (Lair:1)
  3 hippogriffs
  2 vampires
  15 yaks
  A hungry ghost (D:10)
  Grum (D:8)
  Edmund (D:4)
  A soldier ant (D:10)
  2 porcupines (Lair:1)
  3 orc warriors
  3 ice beasts
  A hornet zombie (D:8)
  A slave (D:5)
  2 black bears
  2 sky beasts
  2 phantoms (D:5)
  An eye of draining (D:9)
  3 ogres
  4 centaurs
  3 wolves (D:8)
  3 crocodiles
  3 big kobolds (D:7)
  6 bullfrogs
  3 scorpions
  A bullfrog zombie (D:7)
  4 crimson imps
  4 orc priests
  3 bullfrog skeletons
  4 hounds
  A centaur skeleton (D:8)
  3 jellies
  7 orc wizards
  3 iguanas
  7 worker ants
  2 hound zombies
  2 hound skeletons
  A worker ant zombie (D:8)
  4 gnolls (D:3)
  11 adders
  2 shadow imps
  An ooze (D:2)
  An adder zombie (D:8)
  2 worms
  A dart slug (D:1)
  5 leopard geckos
  34 orcs
  6 giant cockroaches
  8 goblins
  7 hobgoblins
  9 jackals
  9 kobolds
  5 quokkas
  2 ball pythons
  7 bats
  8 frilled lizards
  A jackal skeleton (D:5)
  A leopard gecko skeleton (D:5)
  A quokka skeleton (D:9)
  6 rats
250 creatures vanquished.

Vanquished Creatures (others)
  2 slaves (D:6)
  An orc (D:6)
  A fungus (Lair:1)
4 creatures vanquished.

Grand Total: 254 creatures vanquished

Notes
Turn   | Place    | Note
-------+----------+-------------------------------------------
     0 | D:1      | ImaNewbie the Formicid Fighter began the quest for the Orb.
     0 | D:1      | Reached XP level 1. HP: 18/18 MP: 1/1
    85 | D:1      | Reached XP level 2. HP: 21/24 MP: 2/2
   333 | D:1      | Reached skill level 3 in Axes
   453 | D:1      | Reached XP level 3. HP: 26/29 MP: 3/3
   986 | D:2      | Reached skill level 4 in Axes
   986 | D:2      | Reached XP level 4. HP: 35/35 MP: 4/4
  1500 | D:3      | Reached XP level 5. HP: 41/41 MP: 5/5
  1524 | D:3      | Reached skill level 5 in Axes
  2268 | D:4      | Noticed Edmund
  2291 | D:3      | Reached XP level 6. HP: 27/47 MP: 6/6
  2479 | D:4      | Killed Edmund
  2479 | D:4      | Reached skill level 6 in Axes
  2630 | D:4      | Found a staircase to the Ecumenical Temple.
  2638 | Temple   | Entered the Ecumenical Temple
  2764 | Temple   | Became a worshipper of Qazlal Stormbringer
  2823 | D:4      | Got a faintly glowing scale mail
  2834 | D:4      | Identified the +1 scale mail "Ymicevul" {rC+ Regen+} (You found it on level 4 of the Dungeon)
  2899 | D:5      | Entered Level 5 of the Dungeon
  2957 | D:5      | Reached XP level 7. HP: 50/52 MP: 7/7
  3019 | D:5      | Reached skill level 7 in Axes
  3318 | D:5      | Got a warped whip
  3319 | D:5      | Identified the cursed +3 whip of Duymew {flame, +Rage} (You found it on level 5 of the Dungeon)
  3351 | D:5      | Found a radiant altar of Vehumet.
  3427 | D:5      | Reached * piety under Qazlal
  3427 | D:5      | Reached skill level 8 in Axes
  3765 | D:5      | Reached XP level 8. HP: 49/58 MP: 8/8
  4059 | D:6      | Noticed Pikel
  4120 | D:5      | Killed Pikel
  4120 | D:5      | Reached skill level 10 in Axes
  4489 | D:6      | Reached XP level 9. HP: 64/64 MP: 9/9
  4892 | D:6      | Reached skill level 11 in Axes
  5645 | D:7      | Reached ** piety under Qazlal
  5645 | D:7      | Reached skill level 12 in Axes
  6122 | D:7      | Reached XP level 10. HP: 69/70 MP: 10/10
  6312 | D:8      | Reached skill level 13 in Axes
  6422 | D:8      | Noticed Grum
  6484 | D:8      | Reached *** piety under Qazlal
  6507 | D:8      | Killed Grum
  6507 | D:8      | Reached skill level 14 in Axes
  6746 | D:8      | Noticed newuser's ghost (novice GrGl)
  7537 | D:8      | Killed newuser's ghost
  7842 | D:9      | Reached XP level 11. HP: 34/75 MP: 11/11
  8130 | D:9      | Found a staircase to the Lair.
  8134 | D:9      | Reached skill level 15 in Axes
  8146 | D:9      | Reached **** piety under Qazlal
  8676 | D:10     | Entered Level 10 of the Dungeon
  8840 | D:10     | Noticed Urug
  8847 | D:10     | Killed Urug
  8925 | D:10     | Reached skill level 16 in Axes
  9909 | Lair:1   | Entered Level 1 of the Lair of Beasts
 10063 | D:9      | Reached ***** piety under Qazlal
 10501 | Lair:1   | Reached skill level 17 in Axes
 10501 | Lair:1   | Reached XP level 12. HP: 51/81 MP: 12/12
 10516 | Lair:1   | Slain by a komodo dragon

Skill      XL: |  1  2  3  4  5  6  7  8  9 10 11 |
---------------+----------------------------------+-----
Axes           | 3 4 5 6 8 10 12 14 17 | 17.1
Fighting       | |  3.2
Armour         | |  3.2
Shields        | |  3.6

Action                   |  1- 3 |  4- 6 |  7- 9 | 10-12 || total
-------------------------+-------+-------+-------+-------++-------
Melee: War axe           |   115 |   162 |    67 |       ||   344
       Whip              |       |       |   135 |       ||   135
       Battleaxe         |       |       |   156 |   477 ||   633
 Abil: Dig               |       |       |       |     1 ||     1
  Use: Scroll            |       |       |    15 |     5 ||    20
       Potion            |       |       |       |     1 ||     1
 Stab: Distracted        |       |       |     1 |       ||     1
  Eat: Chunk             |     1 |     6 |    11 |    15 ||    33
Armor: Scale mail        |    51 |    21 |    29 |       ||   101
       Plate armour      |       |    45 |    97 |   170 ||   312
Dodge: Dodged            |    45 |    50 |    78 |    90 ||   263
       Deflected         |       |       |       |     3 ||     3
Block: Shield            |    70 |    96 |   205 |   324 ||   695
